 Dungeon Crawl Stone Soup version 0.29.1-14-g9c671dbff4 (webtiles) character file.

Game seed: 8935462633968162304

184 Wobber the Changer (level 5, -4/33 HPs)
             Began as an Octopode Transmuter on Feb 16, 2023.
             Slain by an iguana (8 damage)
             ... on level 5 of the Dungeon.
             The game lasted 00:10:53 (4512 turns).

Wobber the Changer (Octopode Transmuter)            Turns: 4512, Time: 00:10:53

Health: -4/33      AC:  1    Str: 15    XL:     5   Next: 64%
Magic:  9/9        EV: 13    Int: 18    God:
Gold:   125        SH:  0    Dex: 12    Spells: 2/9 levels left

rFire   + . .      SeeInvis .     - Unarmed
rCold   + . .      Faith    .   (no shield)
rNeg    . . .      Spirit   .   (helmet currently unavailable)
rPois   +          Reflect  .   (no amulet)
rElec   +          Harm     .   r - +6 ring of strength
rCorr   +          Rampage  .   (no ring)
Will    .....                   (no ring)
Stlth   ++........              (no ring)
HPRegen 0.11/turn               (no ring)
MPRegen 0.11/turn               (no ring)
                                (no ring)
                                (no ring)

@: appendages (expiring), resistant
A: tentacle spike 3, almost no armour, amphibious, 8 rings, camouflage 1,
gelatinous body 1, (nimble swimmer 1), tentacles
a: End Transformation


You were on level 5 of the Dungeon.
One of your tentacles had grown a beastly spike.
You visited 1 branch of the dungeon, and saw 5 of its levels.

You collected 125 gold pieces.

Inventory:

Hand Weapons
 a - a +0 sling
Missiles
 i - 4 javelins
 n - 4 atropa-tipped darts
 s - 8 poisoned darts
Armour
 b - a +0 hat (melded)
Jewellery
 r - a +6 ring of strength (left tentacle)
Scrolls
 c - a scroll of blinking {unknown}
 f - a scroll of silence
 g - a scroll of fear {unknown}
 m - 3 scrolls of teleportation
 q - a scroll of enchant weapon {unknown}
 u - a scroll of magic mapping {unknown}
Potions
 e - a potion of curing
 h - 2 potions of haste
 j - 2 potions of mutation
 l - a potion of lignification
 o - a potion of might
 p - a potion of magic
 t - a potion of flight


   Skills:
 - Level 1.0 Fighting
 - Level 2.0 Dodging
 - Level 3.0 Unarmed Combat
 - Level 2.8 Spellcasting
 * Level 4.1 Transmutations
 * Level 2.8 Ice Magic


You had 2 spell levels left.
You knew the following spells:

 Your Spells              Type           Power      Damage    Failure   Level
a - Beastly Appendage     Tmut           34%        N/A       3%          1
b - Wereblood             Tmut           17%        N/A       4%          2
c - Ice Form              Ice/Tmut       15%        N/A       36%         4

Your spell library contained the following spells:

 Spells                   Type           Power      Damage    Failure   Level
 Spider Form              Tmut/Pois      10%        N/A       22%         3
 Summon Ice Beast         Ice/Summ       7%         N/A       67%         4
 Summon Mana Viper        Hex/Summ       2%         N/A       99%         5
 Monstrous Menagerie      Summ           1%         N/A       100%        7


Dungeon Overview and Level Annotations

Branches:
Dungeon (5/15)
 Temple: D:4-7

Altars:

Annotations:
D:3 3 runed translucent doors, sigtrap's ghost, amateur FoFi
D:4 2 transporters, Golfball's ghost, novice TrFi


Innate Abilities, Weirdness & Mutations

One of your tentacles has grown a beastly spike.
You cannot wear most types of armour.
You are amphibious.
You can wear up to eight rings at the same time.
Your skin changes colour to match your surroundings (Stealth+).
Your rubbery body absorbs attacks. (AC +1, EV +1)
((You are camouflaged when in or above water. (Stealth+)))
You have tentacles for arms and can constrict up to eight enemies at once.


Message History

An iguana comes into view.
A phantom comes into view.
You see here a scroll labelled OCUVESS HINE.
c - a scroll labelled OCUVESS HINE You barely miss the shadow imp.
You grab the shadow imp. You constrict the shadow imp.
The shadow imp misses you.
You barely miss the shadow imp. You squeeze the shadow imp!
You kill the shadow imp!
You barely miss the iguana. Your grab misses the iguana.
You pierce the iguana, but do no damage.
You tentacle-slap the iguana but do no damage.
Your grab misses the iguana.
You squeeze the iguana, but do no damage.
Your transformation is almost over.
The iguana bites you!
You tentacle-slap the iguana but do no damage.
Your grab misses the iguana.
You pierce the iguana.
You squeeze the iguana.
The iguana is moderately wounded.
The iguana bites you!
* * * LOW HITPOINT WARNING * * *
Press: ? - help, v - describe, . - travel
Here: an iguana (moderately wounded)
The floor.
Okay, then.
Okay, then.
Okay, then.
It was a potion of resistance.
You feel protected. The iguana closely misses you.
You feel better. The iguana barely misses you.
The iguana attacks as you move away! The iguana bites you!
* * * LOW HITPOINT WARNING * * *
You feel better. The iguana bites you!
* * * LOW HITPOINT WARNING * * *
You completely miss the iguana. Your grab misses the iguana.
You squeeze the iguana.
The iguana is severely wounded.
The iguana hisses menacingly.
The iguana bites you!
You die...

# #. #.. #### #..##
#.. ###.... #.#
.......###.########
#.....Wll@#.......#
####...###.######.#
#... #.# #.# #...
#.# #<# #... #.#
#.# #W.. #.# #.#
#... #.# #.# #...
..? #.# ### #.#


You could see a phantom and 2 iguanas.

Vanquished Creatures
  8 adders
  3 gnolls (D:3)
  A shadow imp (D:5)
  2 worms (D:2)
  A dart slug (D:4)
  2 orcs (D:3)
  6 ball pythons
  7 endoplasms
  2 giant cockroaches (D:2)
  9 goblins
  3 hobgoblins (D:1)
  4 jackals
  2 quokkas
  10 bats
  2 frilled lizards
  4 kobolds
  6 rats
72 creatures vanquished.

Notes
Turn   | Place    | Note
-------+----------+-------------------------------------------
     0 | D:1      | Wobber the Octopode Transmuter began the quest for the Orb.
     0 | D:1      | Reached XP level 1. HP: 13/13 MP: 3/3
    94 | D:1      | Reached XP level 2. HP: 18/18 MP: 3/5
   479 | D:1      | Found a faded altar of an unknown god.
   622 | D:1      | Learned a level 2 spell: Wereblood
   888 | D:1      | Reached XP level 3. HP: 9/23 MP: 4/6
  1333 | D:2      | Reached skill level 3 in Transmutations
  1343 | D:2      | Reached skill level 1 in Ice Magic
  1752 | D:2      | Reached XP level 4. HP: 28/28 MP: 5/7
  2568 | D:3      | Reached XP level 5. HP: 24/33 MP: 6/9
  2962 | D:3      | Found a runed translucent gate.
  2962 | D:3      | Found a runed translucent gate.
  2962 | D:3      | Found a runed translucent gate.
  2991 | D:3      | Noticed sigtrap's ghost (amateur FoFi)
  3005 | D:3      | Noticed a kobold brigand
  3593 | D:3      | Learned a level 4 spell: Ice Form
  3645 | D:4      | Found a transporter.
  3897 | D:4      | Reached skill level 4 in Transmutations
  3906 | D:4      | Found a transporter.
  3906 | D:4      | Noticed Golfball's ghost (novice TrFi)
  4486 | D:5      | Entered Level 5 of the Dungeon
  4500 | D:5      | Noticed a phantom
  4512 | D:5      | Slain by an iguana

Illustrated notes

Levels and vault maps discovered:
D:1:      minmay_arrival_cross, layout_basic, dreamdust_ecumenical_altar_grove,
          serial_rivers, chequers_serial_rivers_micro_e,
          chequers_serial_rivers_small_3, chequers_serial_rivers_room_b,
          chequers_serial_rivers_large_b, chequers_serial_rivers_small_b,
          chequers_serial_rivers_micro_e
D:2:      layout_basic, minmay_misc_feat_pillars
D:3:      layout_basic, gammafunk_ghost_nasty_kobolds
D:4:      layout_cave_pools, gammafunk_ghost_arena
D:5:      layout_loops_ring, minmay_temple_entry_gardened_gates, serial_shops,
          shop, grunt_decor_one_mirror, uniq_blork_the_orc

Skill      XL: |  1  2  3  4  5 |
---------------+----------------+-----
Transmutations | 3 4 |  4.1
Ice Magic      | 1 2 |  2.8
Fighting       | |  1.0
Dodging        | |  2.0
Unarmed Combat | |  3.0
Spellcasting   | |  2.8

Action                   |  1- 3 |  4- 6 || total
-------------------------+-------+-------++-------
Melee: Unarmed           |    71 |    77 ||   148
       Constrict         |    18 |    22 ||    40
       Kick              |    20 |    27 ||    47
       Tentacles         |    11 |    20 ||    31
       Punch             |     2 |     2 ||     4
 Fire: Sling             |     3 |     7 ||    10
 Cast: Beastly Appendage |    23 |    25 ||    48
       Wereblood         |     2 |     5 ||     7
  Use: Scroll            |       |     9 ||     9
       Potion            |       |     3 ||     3
 Stab: Sleeping          |       |     1 ||     1
Armor: Skin              |     7 |     3 ||    10
Dodge: Dodged            |    57 |    55 ||   112
